Map: Mothership LE

Players

Deluxe - Winner!

  • Race: Terran Terran
  • Spawn Location: 6:00

Gino

  • Race: Zerg Zerg
  • Spawn Location: 9:00

VOD

Have the link to the VOD?

Description

Time

  • Played on: May 31, 2026, 3:27 a.m.
  • Length: 10:08
Show
View Real Time Build Order
Export as new Build Order

Deluxe Terran - Winner!

Build Orders:  

Get SALT Encoding   

  12  0:00  SCV  
  13  0:13  SCV  
  14  0:20  Supply Depot  
  14  0:25  SCV  
  15  0:46  Barracks, SCV  
  16  0:59  SCV  
  16  1:01  Refinery  
  17  1:15  SCV  
  18  1:27  SCV  
  20  1:40  SCV  
  20  1:48  Command Center  
  20  1:52  Orbital Command  
  20  1:55  Barracks Reactor  
  20  2:05  Supply Depot  
  20  2:29  Factory  
  20  2:36  Refinery, SCV  
  21  2:48  SCV  
  21  2:50  Marine  
  21  2:51  Marine  
  24  3:04  SCV  
  25  3:08  Marine x2  
  25  3:12  Factory Tech Lab  
  27  3:16  SCV  
  28  3:20  Barracks  
  28  3:26  Marine x2  
  30  3:28  SCV  
  30  3:32  Supply Depot  
  32  3:43  Orbital Command, Marine  
  32  3:44  Marine  
  32  3:45  SCV  
  34  3:55  Supply Depot  
  34  3:57  SCV  
  34  3:59  Siege Tank  
  38  4:18  Supply Depot, SCV  
  38  4:20  SCV  
  40  4:30  SCV  
  41  4:31  Siege Tank  
  41  4:32  SCV, Starport  
  41  4:35  Barracks Tech Lab  
  41  4:37  Barracks  
  45  4:43  SCV  
  45  4:44  Barracks, SCV  
  47  4:55  SCV  
  47  4:56  SCV  
  49  5:03  Siege Tank  
  52  5:07  SCV  
  52  5:08  SCV  
  52  5:09  Starport Tech Lab  
  54  5:18  Engineering Bay  
  54  5:23  Marine  
  54  5:24  Marine x3  
  58  5:29  Medivac  
  58  5:35  SCV, Siege Tank  
  64  5:37  SCV  
  64  5:41  Refinery, Marine  
  64  5:42  Marine x3  
  69  5:47  SCV, Supply Depot  
  70  5:51  Supply Depot  
  70  6:08  Marine x4  
  70  6:09  SCV x2, Supply Depot, Marine  
  77  6:16  Supply Depot  
  77  6:17  Medivac  
  79  6:21  SCV x2  
  79  6:25  Siege Tank  
  84  6:26  Marine x2  
  84  6:31  Marine x3  
  89  6:33  SCV x2  
  89  6:36  Supply Depot  
  91  6:40  Supply Depot  
  91  6:43  Supply Depot  
  91  6:44  Marine x2  
  91  6:45  Supply Depot  
  93  6:47  Medivac  
  93  6:48  Marine x3  
  98  6:57  Siege Tank  
  101  7:02  Marine x2  
  101  7:06  Marine x2  
  105  7:11  Refinery  
  105  7:14  Terran Infantry Weapons Level 1  
  105  7:17  Medivac  
  107  7:24  Marine x5  
  107  7:29  Siege Tank  
  115  7:34  Supply Depot  
  115  7:40  Supply Depot  
  115  7:41  Marine  
  115  7:42  Marine x4, Supply Depot  
  115  7:43  Supply Depot  
  120  7:45  Supply Depot  
  120  7:49  Medivac  
  122  7:59  Marine  
  122  8:00  Marine x4  
  122  8:01  Siege Tank  
  130  8:17  Marine  
  130  8:18  Marine x4  
  135  8:35  Marine x2  
  137  8:45  Command Center  
Show
View Real Time Build Order
Export as new Build Order

Gino Zerg 

Build Orders: Pool First 

Get SALT Encoding   

  12  0:05  Drone  
  13  0:21  Drone  
  13  0:23  Overlord  
  14  0:38  Spawning Pool  
  14  0:39  Drone  
  14  0:42  Drone  
  15  0:49  Extractor  
  14  1:08  Drone x3  
  17  1:33  Drone x2  
  19  1:57  Hatchery  
  18  2:04  Zergling x6  
  21  2:17  Hatchery  
  20  2:25  Drone  
  21  2:32  Lair  
  21  2:33  Roach Warren  
  20  2:39  Zergling x4  
  22  2:53  Overlord  
  22  3:10  Queen  
  22  3:12  Zergling x2  
  25  3:16  Roach  
  25  3:17  Roach  
  29  3:28  Zergling x2  
  29  3:33  Queen  
  32  3:35  Metabolic Boost  
  32  3:43  Drone  
  33  3:54  Infestation Pit  
  32  4:11  Drone x3  
  32  4:15  Drone x3  
  38  4:31  Extractor  
  37  4:45  Drone  
  37  4:46  Drone  
  37  4:49  Queen  
  41  4:57  Extractor  
  40  5:11  Roach  
  40  5:13  Overlord  
  42  5:32  Zergling x8  
  42  5:33  Zergling x4  
  48  6:03  Zergling x4  
  50  6:05  Overlord  
  50  6:28  Drone x2  
  50  6:30  Zergling x4  
  50  6:31  Zergling x4  
  56  6:39  Roach  
  58  6:41  Overlord  
  58  7:20  Spire  
  57  7:29  Zergling x8  
  61  7:44  Zergling x6  
  61  7:45  Zergling x4  
  61  7:46  Overlord  
  66  8:15  Zergling x4  
  66  8:16  Zergling x10  
  66  8:17  Zergling x2  
  56  8:53  Hydralisk Den  
  31  9:09  Mutalisk  
  28  9:10  Mutalisk x5  
  28  9:11  Mutalisk  
  41  9:17  Zergling x6  
Tags
 
Matchup
TvZ
Opening
Pool First
Spawn Locations
Close Positions
Add a new tag
Caveats
  • Supply blocks, unpowered buildings, or Contaminate may cause inaccurate times.
  • Supply counts are checked every 10 seconds.